 Dungeon Crawl Stone Soup version 0.31-a0-263-ge8cad7f256 (webtiles) character file.

Game seed: 12295969165278936555

122740 dolemite99 the Warrior (level 16, -3/179 HPs)
             Began as an Ogre Shapeshifter on July 14, 2023.
             Was an Initiate of Gozag.
             Slain by a black mamba (13 damage)
             ... led by a naga ritualist
             ... on level 1 of the Snake Pit.
             The game lasted 00:51:12 (37298 turns).

dolemite99 the Warrior (Ogre Shapeshifter)         Turns: 37298, Time: 00:51:13

Health: -3/179     AC: 14    Str: 39    XL:     16   Next: 88%
Magic:  16/16      EV:  9    Int:  9    God:    Gozag
Gold:   656        SH: 18    Dex: 11    Spells: 11/15 levels left

rFire   . .          .
                       - Unarmed
rCold   + . .        X - +2 tower shield of Fanaticism {Str+6}
rNeg    . . .        d - +2 shadow dragon scales
rPois   .            w - melded +1 hat
rElec   .            v - melded +0 cloak
rCorr   .            (gloves unavailable)
SInv    .            (boots unavailable)
Will    +....        C - amulet of regeneration
Stlth   ++           k - +6 ring of strength
HPRegen 1.29/turn    L - ring of protection from cold
MPRegen 0.15/turn

%: no passive effects
@: beast-form, gold aura, on berserk cooldown, slowed, studying Conjurations,
bribing [the Snake Pit], very slow
A: beast (slay +7), large, unfitting armour, tough skin 1
a: Begin Untransformation, Renounce Religion, Potion Petition, Call Merchant,
Bribe Branch


You were on level 1 of the Snake Pit.
You worshipped Gozag.
Gozag was pleased with you.
You were a hulking beast.
You visited 4 branches of the dungeon, and saw 23 of its levels.
You also visited: Ossuary and Gauntlet.

You collected 10547 gold pieces.
You spent 4126 gold pieces at shops.
You paid 5765 gold pieces to Gozag.

Inventory:

Missiles
 s - 6 javelins
 x - 10 silver javelins
 B - 12 large rocks (quivered)
 F - 2 throwing nets
 R - 17 boomerangs
Armour
 d - +2 shadow dragon scales (worn)
 g - a +2 kite shield of reflection
 v - a +0 cloak (melded)
 w - a +1 hat (melded)
 X - the +2 tower shield of Fanaticism (worn) {Str+6}
   (You took it off Louise on level 15 of the Dungeon)

   Str:       It affects your strength (+6).
Magical Staves
 y - the staff "Roebar" {rElec rF+ Dex+4 Fire}
   (You found it on level 13 of the Dungeon)

   [staff of fire]

   Base accuracy: +5 Base damage: 5 Base attack delay: 1.2 This weapon's minimum
   attack delay (0.6) is reached at skill level 12.
   Dex:       It affects your dexterity (+4).
   rF:        It protects you from fire.
   rElec:     It insulates you from electricity.
   Fire:      It increases the power of your Fire spells.
   It falls into the 'Staves' category.
   It is a one-handed weapon.
Jewellery
 h - a ring of fire
 k - a +6 ring of strength (left hand)
 o - a ring of resist corrosion
 A - a ring of wizardry
 C - an amulet of regeneration (around neck)
 E - a ring of poison resistance
 L - a ring of protection from cold (right hand)
 M - a ring of ice
 P - a ring of willpower
 T - a ring of resist corrosion
 V - a +5 ring of evasion
Talismans
 c - a beast talisman
 l - a granite talisman
 u - a dragon-blood talisman
Wands
 H - a wand of polymorph (13)
 Q - a wand of roots (7)
 S - a wand of digging (10)
 Z - a wand of paralysis (11)
Scrolls
 e - 22 scrolls of teleportation
 j - 6 scrolls of poison
 p - 3 scrolls of vulnerability
 q - 7 scrolls of fog
 t - 4 scrolls of fear
 I - 11 scrolls of identify {@r1}
 J - a scroll of blinking
 O - 5 scrolls of revelation
Potions
 b - a potion of haste
 f - 2 potions of lignification
 i - 3 potions of curing
 n - 5 potions of enlightenment
 z - 5 potions of brilliance
 D - 2 potions of resistance
 G - 2 potions of ambrosia
 K - 5 potions of attraction
 N - 2 potions of mutation
 U - a potion of might
 Y - a potion of cancellation
Miscellaneous
 a - a phantom mirror (inert)
 m - a lightning rod (4/4)
 W - a sack of spiders (inert)


   Skills:
 - Level 16.0 Fighting
 - Level 6.8 Throwing
 - Level 10.3 Dodging
 - Level 11.9 Shields
 - Level 12.9 Unarmed Combat
 - Level 6.8 Evocations
 + Level 12.6 Shapeshifting


You had 11 spell levels left.
You knew the following spells:

 Your Spells              Type           Power      Damage    Failure   Level
a - Passwall              Tmut/Erth      0%         N/A       99%         2
b - Blink                 Tloc           0%         N/A       99%         2

Your spell library contained the following spells:

 Spells                   Type           Power      Damage    Failure   Level
 Apportation              Tloc           0%         N/A       98%         1
 Freeze                   Ice            0%         1d3       98%         1
 Kiss of Death            Conj/Necr      0%         2d5       98%         1
 Necrotise                Necr           0%         1d4       98%         1
 Ensorcelled Hibernation  Hex/Ice        0%         N/A       99%         2
 Scorch                   Fire           0%         2d5       99%         2
 Confusing Touch          Hex            0%         N/A       100%        3
 Dazzling Flash           Conj/Hex       0%         N/A       100%        3
 Frozen Ramparts          Ice            0%         1d1       100%        3
 Hailstorm                Conj/Ice       0%         3d3       100%        3
 Ignite Poison            Fire/Tmut/Pois 0%         N/A       100%        3
 Swiftness                Air            0%         N/A       100%        3
 Vampiric Draining        Necr           0%         2d6       100%        3
 Vhi's Electric Charge    Tloc/Air       0%         N/A       100%        3
 Dispel Undead            Necr           0%         3d6       100%        4
 Flame Wave               Conj/Fire      0%         2d4       100%        4
 Iskenderun's Mystic Bla  Conj/Tloc      0%         2d3       100%        4
 Sticky Flame             Conj/Fire      0%         2d3       100%        4
 Agony                    Necr           0%         N/A       100%        5
 Alistair's Intoxication  Tmut/Pois      0%         N/A       100%        5
 Borgnjor's Vile Clutch   Necr/Erth      0%         N/A       100%        5
 Iskenderun's Battlesphe  Conj           0%         2d6       100%        5
 Silence                  Hex/Air        0%         N/A       100%        5
 Summon Forest            Summ/Tloc      0%         N/A       100%        5
 Death Channel            Necr           0%         N/A       100%        6
 Eringya's Noxious Bog    Tmut/Pois      0%         4d6       100%        6
 Leda's Unmaking          Conj/Erth      0%         9d1       100%        6
 Summon Cactus Giant      Summ           0%         N/A       100%        6
 Malign Gateway           Summ/Tloc      0%         N/A       100%        7
 Spellforged Servitor     Conj/Summ      0%         N/A       100%        7
 Summon Hydra             Summ           0%         N/A       100%        7
 Ignition                 Fire           0%         3d3       100%        8
 Animate Dead             Necr           Unusable   N/A       N/A         4

Dungeon Overview and Level Annotations

Branches:
Dungeon (15/15)            Temple (0/1) D:5            Lair (5/5) D:10
  Swamp (0/4) Lair:3        Snake (1/4) Lair:3        Slime (0/5) Lair:5
    Orc (2/2) D:12            Elf (0/3) Orc:2        Vaults (0/5) D:14
 Depths (0/4) D:15        Ossuary (visited)         Gauntlet (visited)

Altars:
Gozag
Hepliaklqana
Kikubaaqudgha
Makhleb
Nemelex Xobeh
Trog
Xom
Zin
The Shining One
Jiyva

Shops:
D:1 :   D:5 [   D:8 *   D:9 !   Orc:2 **:?

Annotations:
Lair:2 exclusion: 2 oklob plants
Lair:3 2 transporters, salammoniac's ghost, journeyman OpSh
Lair:4 2 transporters
Lair:5 exclusion: oklob plant
Snake:1 Jorgrun; Roxanne


Innate Abilities, Weirdness & Mutations

You are a hulking beast.
Your limbs bulge with bestial killing power. (Slay +7)
You are too large for most types of armour.
You have tough skin. (AC +1)


Message History

The naga ritualist dies!
* * * LOW HITPOINT WARNING * * *
You feel very sick.
The black mamba bites you but does no damage.
The black mamba is distracted by your dazzling golden aura.
You block the black mamba's attack.
The black mamba hisses angrily.
Things that are here:
34 gold pieces; a +0 war axe; a +0 robe You are too berserk!
You punch the black mamba!
The black mamba is no longer distracted by gold.
The black mamba is severely wounded.
* * * LOW HITPOINT WARNING * * *
You feel very sick.
The guardian serpent completely misses the black mamba.
The black mamba bites you but does no damage.
You block the black mamba's attack.
You punch the black mamba!
The black mamba is almost dead.
* * * LOW HITPOINT WARNING * * *
You feel very sick.
The guardian serpent hits the black mamba!!
The black mamba dies!
You block the black mamba's attack.
* * * LOW HITPOINT WARNING * * *
You feel very sick. You block the black mamba's attack.
You see here 5 gold pieces.
You completely miss the black mamba.
The black mamba is almost dead.
You are no longer berserk.
You are exhausted.
You feel yourself slow down.
* * * LOW HITPOINT WARNING * * *
You feel sick. You block the black mamba's attack.
You feel better. You block the black mamba's attack. x2
The black mamba bites you!
You die...
Your body crumbles into a pile of gold.

#...##.......########)###)###.#
#.....<...##.#......).###.# #.#
###.......##.#............# #..
#........##.#......)##...# ##.
#.#......##.###..##)##...####.
#.#...SS###.....###.##..(.....
#.#...N.# #....##...######..##
#.###.s.# #S..##.### #.## #.#
###s§###$h....#### #.# #.#
#..##.##.##...#####.# #.#
#....##.##...#...#.# #.##
#.....#.##...#.....# #..#
#..SN...###........# ##.#
#NN...####.........# #.###
#.....N..........#.# #...#
###.#..#######.....# #...#
##......##...#####.#


You could see a black mamba, a neutral salamander (wandering), a neutral
guardian serpent (wandering) and 2 neutral nagas.

Vanquished Creatures
  Rupert (D:15)
  Agnes (D:14)
  Louise (D:15)
  An orc warlord (Orc:1)
  A dire elephant (D:15)
  A minotaur (Gauntlet)
  Josephine (D:15)
  A fire dragon (Lair:5)
  Fannar (D:11)
  9 hydras
  A rakshasa (D:13)
  Erica (D:9)
  5 centaur warriors
  3 two-headed ogres
  2 anacondas (Snake:1)
  2 dancing weapons (D:14)
  3 catoblepae
  9 boulder beetles
  2 tengu warriors
  An orc high priest (Orc:1)
  4 naga warriors (Snake:1)
  A vampire mage (D:15)
  2 shock serpents (Snake:1)
  2 naga sharpshooters (Snake:1)
  2 skysharks
  A death drake (Gauntlet)
  A deep elf archer (D:13)
  A bog body (Lair:3)
  A naga ritualist (Snake:1)
  A deep elf pyromancer (D:11)
  2 lindwurms
  3 mana vipers (Snake:1)
  12 ugly things
  2 orc knights (Orc:2)
  7 cyclopes
  A faun (Lair:2)
  3 salamanders
  7 manticores
  18 elephants
  Maurice (D:13)
  15 black mambas
  A centaur zombie (Gauntlet)
  Joseph (D:7)
  2 molten gargoyles (Lair:5)
  9 cane toads
  2 naga magi (Snake:1)
  Maggie (D:7)
  3 gargoyles
  4 kobold demonologists
  5 rime drakes
  6 komodo dragons
  2 unseen horrors
  4 tengu conjurers
  A yaktaur (D:13)
  A freezing wraith (D:13)
  2 efreet (D:13)
  A tyrant leech (Gauntlet)
  2 meliai (D:13)
  A hornet (D:13)
  8 trolls
  A polar bear (Lair:1)
  Grinder (D:5)
  13 blink frogs
  19 flying skulls (Gauntlet)
  13 slime creatures
  3 wyverns (Lair:5)
  2 vampires
  7 wraiths
  3 steam dragons
  6 basilisks
  57 yaks
  6 vampire mosquitoes
  4 swamp worms
  4 wargs
  3 acid dragons
  12 water moccasins
  9 nagas
  4 hell hounds (Lair:5)
  A spectral hornet (Gauntlet)
  2 sky beasts
  A black bear (D:7)
  3 ice beasts
  36 orc warriors
  2 ogres
  9 wolves
  17 centaurs
  A phantom (D:5)
  Blork the orc (D:5)
  13 bullfrogs
  A gnoll sergeant (D:8)
  2 scorpions
  12 wights
  12 killer bees
  6 howler monkeys
  An electric eel (Lair:3)
  A crimson imp (D:5)
  5 lava snakes (Lair:5)
  3 hounds
  13 orc priests
  3 jellies (Lair:5)
  Crazy Yiuf (D:3)
  2 sleepcaps
  Natasha (twice) (D:3)
  2 iguanas
  13 orc wizards
  14 mummies
  27 gnolls
  11 adders
  2 white imps
  An ufetubus (D:6)
  A worm (D:4)
  2 dart slugs
  110 orcs
  3 ball pythons
  6 bats
  9 endoplasms
  2 giant cockroaches
  6 goblins
  5 hobgoblins
  12 jackals (D:3)
  3 quokkas
  2 frilled lizards
  A gnoll skeleton (Ossuary)
  4 goblin skeletons
  2 goblin zombies (D:4)
  7 hobgoblin zombies
  13 kobolds
  5 kobold skeletons
  4 kobold zombies
  3 orc skeletons (Ossuary)
  3 rats
  11 rat skeletons (Ossuary)
791 creatures vanquished.

Vanquished Creatures (collateral kills)
  Donald (Orc:2)
1 creature vanquished.

Vanquished Creatures (others)
  A naga sharpshooter (Snake:1)
  A naga ritualist (Snake:1)
  An ugly thing (D:13)
  A black mamba (Snake:1)
  A naga mage (Snake:1)
  An unseen horror (D:12)
  A centaur (Orc:2)
7 creatures vanquished.

Grand Total: 799 creatures vanquished

Notes
Turn   | Place    | Note
-------+----------+-------------------------------------------
     0 | D:1      | dolemite99 the Ogre Shapeshifter began the quest for the
                  | Orb.
     0 | D:1      | Reached XP level 1. HP: 22/22 MP: 1/1
    34 | D:1      | Found Sooxt's Book Emporium.
   115 | D:1      | You fall into a shaft and drop 1 floor!
   151 | D:2      | Found a faded altar of an unknown god.
   164 | D:2      | Reached XP level 2. HP: 23/29 MP: 2/2
   311 | D:2      | Prayed at the altar of an unknown god.
   311 | D:2      | Became a worshipper of Gozag Ym Sagoz the Greedy
   365 | D:1      | Reached XP level 3. HP: 33/36 MP: 3/3
   670 | D:2      | Found a bloodstained altar of Trog.
  1033 | D:2      | Reached XP level 4. HP: 32/44 MP: 4/4
  2423 | D:2      | Reached XP level 5. HP: 28/50 MP: 5/5
  3364 | D:3      | Found a runed translucent door.
  3365 | D:3      | Noticed Crazy Yiuf
  3370 | D:3      | Killed Crazy Yiuf
  3745 | D:3      | Noticed Natasha
  3751 | D:3      | Killed Natasha
  3935 | D:3      | Reached XP level 6. HP: 34/59 MP: 6/6
  3961 | D:3      | Reached skill level 5 in Unarmed Combat
  4949 | D:3      | Reached XP level 7. HP: 28/66 MP: 7/7
  5205 | D:3      | Noticed Natasha
  5211 | D:3      | Killed Natasha
  6218 | D:4      | Found a glowing golden altar of the Shining One.
  6363 | D:4      | Found an ancient bone altar of Kikubaaqudgha.
  6724 | D:4      | Found a glowing silver altar of Zin.
  6905 | D:5      | Entered Level 5 of the Dungeon
  7024 | D:5      | Reached skill level 5 in Shapeshifting
  7376 | D:5      | Found a staircase to the Ecumenical Temple.
  7417 | D:5      | Bought a +1 robe of willpower for 152 gold pieces
  7703 | D:5      | Reached XP level 8. HP: 46/74 MP: 8/8
  7788 | D:5      | Noticed Blork the orc
  7799 | D:5      | Killed Blork the orc
  7942 | D:5      | Noticed Grinder
  7951 | D:5      | Killed Grinder
  8064 | D:5      | Found a shimmering altar of Xom.
  8065 | D:5      | Found a burning altar of Makhleb.
  8515 | D:6      | Reached XP level 9. HP: 80/80 MP: 9/9
  9399 | D:7      | Noticed Maggie
  9402 | D:7      | Reached skill level 3 in Fighting
  9603 | D:7      | Reached skill level 1 in Shields
  9770 | D:7      | Found a sand-covered staircase.
  9780 | Ossuary  | Entered an ossuary
 10192 | D:7      | Reached skill level 1 in Evocations
 10596 | D:7      | Killed Maggie
 10597 | D:7      | Reached XP level 10. HP: 17/92 MP: 10/10
 10875 | D:7      | Noticed Joseph
 10884 | D:7      | Killed Joseph
 11472 | D:8      | Found a sparkling altar of Nemelex Xobeh.
 11741 | D:8      | Reached skill level 5 in Evocations
 12706 | D:8      | Noticed a two-headed ogre
 12706 | D:8      | Noticed a boulder beetle
 12725 | D:8      | Killed a two-headed ogre
 12793 | D:8      | Killed a boulder beetle
 12794 | D:8      | Reached skill level 4 in Fighting
 12822 | D:8      | Noticed a purple ugly thing
 12822 | D:8      | Noticed a five-headed hydra
 12850 | D:7      | Killed a purple ugly thing
 12851 | D:7      | Reached XP level 11. HP: 77/101 MP: 11/11
 13221 | D:8      | Reached skill level 5 in Fighting
 13302 | D:8      | Killed a five-headed hydra
 13477 | D:8      | Noticed a manticore
 13491 | D:8      | Killed a manticore
 13734 | D:8      | Noticed a manticore
 13740 | D:8      | Killed a manticore
 13741 | D:8      | Reached skill level 6 in Fighting
 13741 | D:8      | Reached skill level 10 in Unarmed Combat
 13777 | D:8      | Identified a scroll of acquirement
 13780 | D:8      | Acquired a manual of Conjurations
 13789 | D:8      | Noticed a manticore
 13798 | D:8      | Killed a manticore
 14571 | D:8      | Bought a scroll of teleportation for 84 gold pieces
 14571 | D:8      | Bought a potion of heal wounds for 140 gold pieces
 14571 | D:8      | Bought a glowing jade ring for 140 gold pieces
 14835 | D:9      | Acquired 1014 gold pieces
 14838 | D:9      | Acquired 589 gold pieces
 14846 | D:9      | Bought a potion of experience for 600 gold pieces
 14847 | D:9      | Reached XP level 12. HP: 115/115 MP: 12/12
 14849 | D:9      | Bought a potion of invisibility for 96 gold pieces
 14849 | D:9      | Bought a potion of haste for 120 gold pieces
 14849 | D:9      | Bought a potion of heal wounds for 60 gold pieces
 14849 | D:9      | Bought a potion of curing for 36 gold pieces
 14849 | D:9      | Bought a potion of curing for 36 gold pieces
 15261 | D:9      | Reached skill level 7 in Fighting
 15400 | D:9      | Found a hazy altar of Hepliaklqana.
 15465 | D:9      | Noticed Erica
 15486 | D:9      | HP: 7/141 [something (1)]
 15928 | D:9      | Killed Erica
 16111 | D:10     | Entered Level 10 of the Dungeon
 16134 | D:10     | Reached skill level 5 in Dodging
 16157 | D:10     | Noticed a two-headed ogre
 16164 | D:10     | Killed a two-headed ogre
 16300 | D:10     | Found a staircase to the Lair.
 16429 | D:10     | Noticed a sun demon
 16831 | Lair:1   | Entered Level 1 of the Lair of Beasts
 17101 | Lair:1   | Reached skill level 8 in Fighting
 17509 | Lair:1   | Reached XP level 13. HP: 127/127 MP: 13/13
 17980 | Lair:2   | Reached skill level 10 in Shapeshifting
 18051 | Lair:2   | Reached skill level 9 in Fighting
 18064 | Lair:2   | Reached skill level 10 in Fighting
 18165 | Lair:2   | Reached skill level 11 in Fighting
 18875 | Lair:3   | Found a transporter.
 18878 | Lair:3   | You fall into a shaft and drop 2 floors!
 18878 | Lair:5   | Entered Level 5 of the Lair of Beasts
 18889 | Lair:5   | Reached skill level 12 in Fighting
 19248 | Lair:5   | Reached skill level 13 in Fighting
 19295 | Lair:5   | Found a glowing silver altar of Zin.
 19435 | Lair:5   | Found a staircase to the Slime Pits.
 19436 | Lair:5   | Found a viscous altar of Jiyva.
 19777 | Lair:5   | Reached skill level 14 in Fighting
 20109 | Lair:3   | Found a staircase to the Snake Pit.
 20301 | Lair:3   | Reached XP level 14. HP: 145/157 MP: 14/14
 20618 | Lair:3   | Noticed salammoniac's ghost (journeyman OpSh)
 20621 | Lair:3   | Found a bloodstained altar of Trog.
 20681 | Lair:3   | Found a transporter.
 20920 | Lair:3   | Found a staircase to the Swamp.
 21361 | Lair:4   | Found a transporter.
 21432 | Lair:4   | Found a transporter.
 21842 | Lair:4   | Reached skill level 5 in Shields
 23036 | Lair:5   | Found a large runed translucent door.
 23036 | Lair:5   | Found a large runed translucent door.
 24026 | D:11     | Found a gate leading to a gauntlet.
 24026 | D:11     | Identified the +5 trident of Usyvurphe {heavy, rC+}
 24040 | Gauntlet | Entered a Gauntlet
 24040 | Gauntlet | Found a transporter.
 24047 | Gauntlet | Found a transporter.
 24047 | Gauntlet | Found the +7 Spriggan's Knife {stab, EV+4 Stlth+}
 24050 | Gauntlet | Found a transporter.
 24051 | Gauntlet | Found a transporter.
 24059 | Gauntlet | Found a transporter.
 24062 | Gauntlet | Found a transporter.
 24063 | Gauntlet | Found a transporter.
 24067 | Gauntlet | Found a runed translucent door.
 24071 | Gauntlet | Found a transporter.
 24074 | Gauntlet | Found a transporter.
 24075 | Gauntlet | Found a transporter.
 24081 | Gauntlet | Found a runed translucent door.
 24082 | Gauntlet | Found a runed translucent door.
 24083 | Gauntlet | Found a transporter.
 24086 | Gauntlet | Found a transporter.
 24087 | Gauntlet | Found a transporter.
 24095 | Gauntlet | Found a transporter.
 24135 | Gauntlet | Found a runed translucent door.
 24368 | Gauntlet | Reached skill level 15 in Fighting
 24429 | Gauntlet | Reached XP level 15. HP: 103/167 MP: 15/15
 24448 | Gauntlet | Identified the +1 pair of boots of Supple Strength {Harm
                  | +Blink Dex-3}
 24478 | Gauntlet | Identified the +7 war axe "Pikkasim" {flame, rElec rF-
                  | Int+5}
 24648 | Gauntlet | Identified the +1 pair of boots "Gesujifo" {Harm rN+ Will+
                  | Str-5}
 24655 | Gauntlet | Got the Octavo of Displacement
 24852 | D:11     | Noticed Fannar
 25227 | D:11     | Killed Fannar
 26985 | D:12     | Reached skill level 10 in Dodging
 27119 | D:12     | Found a staircase to the Orcish Mines.
 27578 | Orc:1    | Entered Level 1 of the Orcish Mines
 28402 | Orc:2    | Entered Level 2 of the Orcish Mines
 28402 | Orc:2    | Noticed Donald
 28402 | Orc:2    | Found a staircase to the Elven Halls.
 28407 | Orc:2    | Killed Donald
 28415 | Orc:2    | Noticed an orc warlord
 28947 | Orc:1    | Killed an orc warlord
 30779 | Orc:2    | Reached skill level 10 in Shields
 31085 | Orc:2    | Found Ywyoneti's Book Emporium.
 31085 | Orc:2    | Found Divoamp's Assorted Antiques.
 31087 | Orc:2    | Found Zipseh's Assorted Antiques.
 31089 | Orc:2    | Found Capogi's Magic Scroll Shoppe.
 31094 | Orc:2    | Bought a potion of curing for 63 gold pieces
 31094 | Orc:2    | Bought a potion of curing for 63 gold pieces
 31094 | Orc:2    | Bought 2 potions of lignification for 126 gold pieces
 31094 | Orc:2    | Bought a scroll of enchant armour for 157 gold pieces
 31094 | Orc:2    | Bought a scroll of revelation for 157 gold pieces
 31094 | Orc:2    | Bought a wand of quicksilver (4) for 352 gold pieces
 31097 | Orc:2    | Bought a scroll of teleportation for 39 gold pieces
 31097 | Orc:2    | Bought a scroll of teleportation for 39 gold pieces
 31097 | Orc:2    | Bought a scroll of teleportation for 39 gold pieces
 31097 | Orc:2    | Bought a scroll of fog for 52 gold pieces
 31102 | Orc:2    | Bought a sack of spiders for 1200 gold pieces
 31102 | Orc:2    | Bought a scroll of blinking for 225 gold pieces
 31102 | Orc:2    | Bought a pearl ring for 150 gold pieces
 31924 | D:13     | Found a runed translucent door.
 32389 | D:13     | Identified the +12 arbalest of the Leaping Gods {freeze,
                  | Int+2}
 32389 | D:13     | Identified the +1 war axe of the Harvest {pain, rElec Will+
                  | Str+3}
 32418 | D:13     | Identified the staff "Roebar" {rElec rF+ Dex+4 Fire}
 32750 | D:13     | Reached XP level 16. HP: 151/179 MP: 16/16
 33166 | D:13     | Reached skill level 16 in Fighting
 33305 | D:13     | Noticed Maurice
 33394 | D:13     | Killed Maurice
 33520 | D:13     | Identified the +6 whip "Fyodeth" {heavy, Int+5}
 33611 | D:13     | Learned a level 2 spell: Passwall
 33614 | D:13     | Learned a level 2 spell: Blink
 33619 | D:13     | Reached skill level 1 in Throwing
 34494 | D:14     | Noticed Agnes
 34499 | D:14     | Killed Agnes
 34565 | D:14     | Reached skill level 5 in Throwing
 34804 | D:14     | Found a gate to the Vaults.
 35526 | D:15     | Entered Level 15 of the Dungeon
 35902 | D:15     | Identified the +2 tower shield of Fanaticism {Str+6}
 35902 | D:15     | Noticed Louise
 35932 | D:15     | Killed Louise
 36157 | D:15     | Noticed Josephine
 36157 | D:15     | Noticed Rupert
 36164 | D:15     | Killed Rupert
 36172 | D:15     | Killed Josephine
 36330 | D:15     | Found a staircase to the Depths.
 36634 | Snake:1  | Entered Level 1 of the Snake Pit
 36719 | Snake:1  | Noticed Roxanne
 37231 | Snake:1  | Noticed Jorgrun
 37294 | Snake:1  | HP: 11/268 [poisoned by a black mamba]
 37297 | Snake:1  | HP: 3/179 [poisoned by a black mamba]
 37298 | Snake:1  | Slain by a black mamba

Illustrated notes

Levels and vault maps discovered:
D:1:      dpeg_arrival_rhombi, layout_rooms, serial_shops, shop
D:2:      layout_basic, basic_altar, shapermc_ecumenical_altar_starsandcircs,
          minmay_heptomino_d4
D:3:      lemuel_castle_with_subvaults [lemuel_castle_interior_carwin_1],
          layout_basic, uniq_natasha, uniq_crazy_yiuf_cottage
D:4:      layout_cave_pools, lemuel_coloured_pillars_altar,
          nicolae_tso_besieged_by_evil, lemuel_doored_altar,
          portal_sewer_entry_d, wad_orctagon
D:5:      layout_gridville, grunt_temple_overflow_champion_of_chaos,
          minmay_temple_entry_antechambers, uniq_blork_the_orc, uniq_grinder
D:6:      layout_basic, lemuel_flamethrower_1
D:7:      layout_cave_pods, nicolae_ossuary_entry_giza, grunt_ministairs_15,
          uniq_joseph, uniq_maggie
D:8:      hangedman_cross_veins, layout_basic, mainiacjoe_overflow_cross_hatched
D:9:      layout_big_octagon, nicolae_hepliaklqana_hazy_memory,
          kennysheep_kite_vault, uniq_erica
D:10:     layout_basic, lair_entry_dummy
D:11:     layout_cave_pools, gauntlet_entry_generic, uniq_fannar
D:12:     layout_roguey, david_orc_1_choice, nicolae_straight_to_the_point
D:13:     minmay_the_grid_triangle_9x9_rhombus_full
          [minmay_the_grid_triangle_9x9_thin_v,
          minmay_the_grid_triangle_9x9_descending_squares,
          minmay_the_grid_triangle_9x9_empty,
          minmay_the_grid_triangle_9x9_intruding_spiral,
          minmay_the_grid_triangle_9x9_flanged_cone,
          minmay_the_grid_triangle_9x9_subtriangle,
          minmay_the_grid_triangle_9x9_alien,
          minmay_the_grid_triangle_9x9_prize_schism], layout_cave_pods,
          item_on_display_b, uniq_maurice
D:14:     layout_layer_cave, erik_vaults_1, uniq_agnes
D:15:     hangedman_depths_entry_try_elsewhere_first, layout_gridville,
          nzn_life_drinkers, uniq_josephine, uniq_louise, uniq_rupert
Lair:1:   layout_roguey
Lair:2:   layout_loops_ring, grunt_forest_large_clearings
Lair:3:   layout_misc_corridors, nicolae_swamp_entry_splash_gauntlet,
          nicolae_snake_entry_squirm, gammafunk_ghost_wrathful_warriors
Lair:4:   gammafunk_worm_tunnel, layout_hall_layers
Lair:5:   cheibrodos_lair_end_hotspot, layout_regular_city,
          nicolae_slime_entry_slimehenge, chequers_serial_rivers_large_b,
          minivault_23, minivault_11, dreamdust_mushroom_princess, minivault_27,
          minivault_24, lemuel_oklob_altar
Snake:1:  layout_misc_corridors, nicolae_snake_gridmaze_spiral, uniq_aizul,
          uniq_mlioglotl, uniq_jorgrun, uniq_roxanne
Orc:1:    layout_caves, uniq_sonja, uniq_erolcha
Orc:2:    st_orc_rangers, layout_caves, uniq_donald

Skill      XL: |  1  2  3  4  5  6  7  8  9 10 11 12 13 14 15 16 |
---------------+-------------------------------------------------+-----
Unarmed Combat | 2 3 4 5 7 8 9 11 12 | 12.9
Shapeshifting  | 4 5 6 7 9 10 12 | 12.6
Fighting       | 3 4 6 8 14 15 16 | 16.0
Dodging        | 2 3 4 5 7 9 10 | 10.3
Shields        | 3 9 11 | 11.9
Evocations     | 3 6 |  6.8
Throwing       | 6 |  6.8

Action                     |  1- 3 |  4- 6 |  7- 9 | 10-12 | 13-15 | 16-18 || total
---------------------------+-------+-------+-------+-------+-------+-------++-------
  Melee: Unarmed           |    71 |   127 |   379 |   247 |  1088 |   270 ||  2182
         Constrict         |       |    18 |    35 |    51 |    56 |       ||   160
         Bite              |       |       |       |       |     2 |       ||     2
         Tailslap          |       |       |       |       |     1 |       ||     1
   Fire: Sling             |       |     6 |    44 |       |       |       ||    50
  Throw: Large rock        |       |       |       |       |       |    71 ||    71
 Invoke: Call Merchant     |       |       |     1 |     2 |       |       ||     3
         Potion Petition   |       |       |       |     1 |       |     1 ||     2
         Bribe Branch      |       |       |       |       |       |     1 ||     1
Ability: Begin Untransform |       |       |     2 |       |     1 |     1 ||     4
  Evoke: Wand              |       |       |     1 |    19 |    14 |     7 ||    41
         Lightning rod     |       |       |       |       |     2 |       ||     2
         Phantom mirror    |       |       |       |       |     1 |     2 ||     3
    Use: Scroll            |     2 |     4 |    12 |    14 |     9 |     7 ||    48
         Potion            |       |       |    10 |    14 |     3 |     7 ||    34
   Stab: Sleeping          |       |     1 |       |       |       |       ||     1
         Distracted        |       |     1 |     2 |     3 |     6 |     2 ||    14
         Invisible         |       |       |       |     1 |       |       ||     1
         Petrified         |       |       |       |       |     1 |       ||     1
 Armour: Animal skin       |    19 |     5 |     3 |       |       |       ||    27
         Skin              |       |    85 |    74 |    93 |   268 |   112 ||   632
         Robe              |       |       |    32 |       |       |       ||    32
         Shadow dragon sca |       |       |       |       |   238 |    40 ||   278
  Dodge: Dodged            |    51 |    75 |   123 |   163 |   801 |    97 ||  1310
  Block: Kite shield       |       |       |    66 |     5 |   586 |    84 ||   741
         Reflection        |       |       |       |       |   102 |     4 ||   106
         Tower shield      |       |       |       |       |       |   179 ||   179
   Form: Anaconda          |       |     1 |     1 |       |       |       ||     2
         Beast             |       |       |     1 |       |     3 |     1 ||     5
         Statue            |       |       |       |       |     3 |     1 ||     4
         Dragon            |       |       |       |       |     1 |       ||     1

Table legend: (Time is in decaauts)
 A = Elapsed time spent in this place.
 B = Non-inter-level travel time spent in this place.
 C = Inter-level travel time spent in this place.
 D = Time resting spent in this place.
 E = Time spent auto-exploring this place.
 F = Levels seen in this place.
 G = Mean time per level.
                   A        B        C        D        E       F      G
               +--------+--------+--------+--------+--------+-----+--------+
         Total |  40089 |  38196 |   1893 |  15690 |  14223 |  25 | 1603.6 |
       Dungeon |  26476 |  25482 |    994 |  11525 |   8726 |  15 | 1765.1 |
          Lair |   8378 |   7532 |    846 |   1822 |   4210 |   5 | 1675.6 |
     Snake Pit |    965 |    965 |      0 |     85 |    441 |   1 |  965.0 |
  Orcish Mines |   3016 |   2964 |     52 |   1908 |    533 |   2 | 1508.0 |
       Ossuary |    318 |    318 |      0 |      0 |    140 |   1 |  318.0 |
      Gauntlet |    933 |    933 |      0 |    349 |    172 |   1 |  933.0 |
               +--------+--------+--------+--------+--------+-----+--------+

Top non-repeatable levels by time:
  Lair:5: 3227 daAuts
     D:7: 2974 daAuts
    D:13: 2900 daAuts
     D:8: 2815 daAuts
     D:3: 2740 daAuts
     D:2: 2389 daAuts
   Orc:1: 2335 daAuts
    D:12: 2220 daAuts
    D:14: 2104 daAuts
  Lair:4: 1537 daAuts
     D:5: 1496 daAuts
    D:15: 1356 daAuts
     D:4: 1314 daAuts
    D:11: 1309 daAuts
  Lair:3: 1244 daAuts
